TOP OF THE 1ST |
Red Deer Wranglers batting - Pitching for La Crosse Loggers : LHP Ben Reyes
|
Pitching: LHP Ben Reyes
|
|
Batting: RHB Ben Fisher
|
0-0: Called Strike 0-1: Fly out, F8 (Flyball, 8RM)
|
Batting: LHB Jorge Olvera
|
0-0: Called Strike 0-1: SOLO HOME RUN (Flyball, 8RXD), Distance : 416 ft
|
Batting: RHB Luis Ibarra
|
0-0: Ball 1-0: Swinging Strike 1-1: Ball 2-1: Foul Ball, location: 2F 2-2: Strikes out looking
|
Batting: LHB Fred Abrams
|
0-0: SOLO HOME RUN (Flyball, 9D), Distance : 373 ft
|
Batting: LHB Russell Peck
|
0-0: Ball 1-0: Fly out, F7 (Flyball, 7S)
|
Top of the 1st over - 2 run(s), 2 hit(s), 0 error(s), 0 left on base; Red Deer 2 - La Crosse 0 |
BOTTOM OF THE 1ST |
La Crosse Loggers batting - Pitching for Red Deer Wranglers : RHP José Ramos
|
Pitching: RHP José Ramos
|
|
Batting: RHB Aurelio Cruz
|
0-0: Called Strike 0-1: Ball 1-1: Ball 2-1: Called Strike 2-2: Foul Ball, location: 2F 2-2: Strikes out swinging
|
Batting: RHB Júlio Sánchez
|
0-0: Foul Ball, location: 2F 0-1: Ball 1-1: Ball 2-1: Fly out, F4 (Popup, 34D)
|
Batting: LHB Ramón Córdova
|
0-0: Ball 1-0: Foul Ball, location: 2F 1-1: Ball 2-1: Ground out 4-3 (Groundball, 34)
|
Bottom of the 1st over - 0 run(s), 0 hit(s), 0 error(s), 0 left on base; Red Deer 2 - La Crosse 0 |
TOP OF THE 2ND |
Red Deer Wranglers batting - Pitching for La Crosse Loggers : LHP Ben Reyes
|
Batting: LHB Andrew Veeck
|
0-0: Ball 1-0: Called Strike 1-1: Swinging Strike 1-2: Ball 2-2: Strikes out swinging
|
Batting: RHB Xavier López
|
0-0: Ball 1-0: Called Strike 1-1: Ball 2-1: Fly out, F2 (Popup, 5S)
|
Batting: RHB Ricardo González
|
0-0: SOLO HOME RUN (Line Drive, 78XD), Distance : 390 ft
|
Batting: RHB Joe Lewis
|
0-0: Ball 1-0: Ball 2-0: Foul Ball, location: 2F 2-1: Fly out, F9 (Flyball, 9)
|
Top of the 2nd over - 1 run(s), 1 hit(s), 0 error(s), 0 left on base; Red Deer 3 - La Crosse 0 |
BOTTOM OF THE 2ND |
La Crosse Loggers batting - Pitching for Red Deer Wranglers : RHP José Ramos
|
Batting: SHB Dave Henley
|
0-0: Ball 1-0: Foul Ball, location: 2F 1-1: Ball 2-1: Ball 3-1: Ground out 6-3 (Groundball, 6MS)
|
Batting: RHB Vicente Aguirre
|
0-0: Called Strike 0-1: Foul Ball, location: 2F 0-2: Ball 1-2: Strikes out swinging
|
Batting: LHB Jeff Forsyth
|
0-0: Ball 1-0: Ball 2-0: Called Strike 2-1: Fly out, F7 (Line Drive, 7)
|
Bottom of the 2nd over - 0 run(s), 0 hit(s), 0 error(s), 0 left on base; Red Deer 3 - La Crosse 0 |
TOP OF THE 3RD |
Red Deer Wranglers batting - Pitching for La Crosse Loggers : LHP Ben Reyes
|
Batting: RHB Ben Fisher
|
0-0: Called Strike 0-1: Ball 1-1: Foul Ball, location: 2F 1-2: Foul Ball, location: 2F 1-2: Ground out 6-3 (Groundball, 6)
|
Batting: LHB Jorge Olvera
|
0-0: Called Strike 0-1: Swinging Strike 0-2: Strikes out looking
|
Batting: RHB Luis Ibarra
|
0-0: Foul Ball, location: 2F 0-1: Foul Ball, location: 2F 0-2: Ball 1-2: Strikes out swinging
|
Top of the 3rd over - 0 run(s), 0 hit(s), 0 error(s), 0 left on base; Red Deer 3 - La Crosse 0 |
BOTTOM OF THE 3RD |
La Crosse Loggers batting - Pitching for Red Deer Wranglers : RHP José Ramos
|
Batting: RHB Manuel Pérez
|
0-0: Ball 1-0: Swinging Strike 1-1: Swinging Strike 1-2: Strikes out looking
|
Batting: RHB Robert Acosta
|
0-0: Called Strike 0-1: SOLO HOME RUN (Flyball, 78XD), Distance : 388 ft
|
Batting: RHB Troy Reed
|
0-0: SINGLE (Groundball, 34D)
|
Batting: RHB Aurelio Cruz
|
0-0: Ball Troy Reed steals 2nd base 1-0: Ball 2-0: Ball Passed Ball! Troy Reed to third 3-0: Called Strike 3-1: Base on Balls
|
Batting: RHB Júlio Sánchez
|
0-0: Called Strike Aurelio Cruz steals 2nd base 0-1: Called Strike 0-2: DOUBLE (Line Drive, 8RXD) Troy Reed scores Aurelio Cruz scores
|
Batting: LHB Ramón Córdova
|
0-0: Foul Ball, location: 2F 0-1: Ball 1-1: Ball 2-1: Ball 3-1: Base on Balls
|
Batting: SHB Dave Henley
|
0-0: Ball 1-0: Foul Ball, location: 2F 1-1: Ball 2-1: Fly out, F7 (Line Drive, 7)
|
Batting: RHB Vicente Aguirre
|
0-0: Foul Ball, location: 2F 0-1: Swinging Strike 0-2: Ball 1-2: Ball 2-2: Ball 3-2: Foul Ball, location: 2F 3-2: Ground out U3 (Groundball, 34S)
|
Bottom of the 3rd over - 3 run(s), 3 hit(s), 0 error(s), 2 left on base; Red Deer 3 - La Crosse 3 |
TOP OF THE 4TH |
Red Deer Wranglers batting - Pitching for La Crosse Loggers : LHP Ben Reyes
|
Batting: LHB Fred Abrams
|
0-0: Called Strike 0-1: Ball 1-1: Ball 2-1: Foul Ball, location: 2F 2-2: Ball 3-2: Strikes out swinging
|
Batting: LHB Russell Peck
|
0-0: Called Strike 0-1: Ball 1-1: Ball 2-1: Ground out 3-1 (Groundball, 34)
|
Batting: LHB Andrew Veeck
|
0-0: Called Strike 0-1: Ball 1-1: Foul Ball, location: 2F 1-2: Foul Ball, location: 2F 1-2: Foul Ball, location: 2F 1-2: Fly out, F8 (Flyball, 8LD)
|
Top of the 4th over - 0 run(s), 0 hit(s), 0 error(s), 0 left on base; Red Deer 3 - La Crosse 3 |
BOTTOM OF THE 4TH |
La Crosse Loggers batting - Pitching for Red Deer Wranglers : RHP José Ramos
|
Batting: LHB Jeff Forsyth
|
0-0: Ball 1-0: Ball 2-0: Called Strike 2-1: Foul Ball, location: 2F 2-2: Ground out 5-3 (Groundball, 5S)
|
Batting: RHB Manuel Pérez
|
0-0: Ball 1-0: Ground out 6-3 (Groundball, 6)
|
Batting: RHB Robert Acosta
|
0-0: Ball 1-0: Ball 2-0: Ball 3-0: Called Strike 3-1: Base on Balls
|
Batting: RHB Troy Reed
|
0-0: Ground out U3 (Groundball, 3S)
|
Bottom of the 4th over - 0 run(s), 0 hit(s), 0 error(s), 1 left on base; Red Deer 3 - La Crosse 3 |
TOP OF THE 5TH |
Red Deer Wranglers batting - Pitching for La Crosse Loggers : LHP Ben Reyes
|
Pitching: RHP Christian Adkins
|
|
Batting: RHB Xavier López
|
0-0: Ball 1-0: Foul Ball, location: 2F 1-1: Foul Ball, location: 2F 1-2: Ball 2-2: Ball 3-2: Strikes out swinging
|
Batting: RHB Ricardo González
|
0-0: Swinging Strike 0-1: Ball 1-1: Swinging Strike 1-2: Ball 2-2: Foul Ball, location: 2F 2-2: Strikes out swinging
|
Batting: RHB Joe Lewis
|
0-0: Ball 1-0: Called Strike 1-1: Foul Ball, location: 2F 1-2: Strikes out swinging
|
Top of the 5th over - 0 run(s), 0 hit(s), 0 error(s), 0 left on base; Red Deer 3 - La Crosse 3 |
BOTTOM OF THE 5TH |
La Crosse Loggers batting - Pitching for Red Deer Wranglers : RHP José Ramos
|
Batting: RHB Aurelio Cruz
|
0-0: Ground out 4-3 (Groundball, 4)
|
Batting: RHB Júlio Sánchez
|
0-0: Fly out, F2 (Popup, 3S)
|
Batting: LHB Ramón Córdova
|
0-0: Swinging Strike 0-1: Foul Ball, location: 2F 0-2: Strikes out swinging
|
Bottom of the 5th over - 0 run(s), 0 hit(s), 0 error(s), 0 left on base; Red Deer 3 - La Crosse 3 |
TOP OF THE 6TH |
Red Deer Wranglers batting - Pitching for La Crosse Loggers : RHP Christian Adkins
|
Batting: RHB Ben Fisher
|
0-0: Ball 1-0: Ball 2-0: Ball 3-0: Base on Balls
|
Batting: LHB Jorge Olvera
|
0-0: Ball 1-0: Called Strike 1-1: Foul Ball, location: 2F 1-2: Ball 2-2: Foul Ball, location: 2F 2-2: Foul Ball, location: 2F 2-2: Foul Ball, location: 2F 2-2: Ball 3-2: Foul Ball, location: 2F 3-2: DOUBLE (Flyball, 78D) Ben Fisher to third
|
Pitching: RHP Willie Alexander
|
|
Batting: RHB Luis Ibarra
|
0-0: Foul Ball, location: 2F 0-1: Called Strike 0-2: Foul Ball, location: 2F 0-2: 3-RUN HOME RUN (Flyball, 78XD), Distance : 380 ft
|
Batting: LHB Fred Abrams
|
0-0: Ball 1-0: Ball 2-0: Ball 3-0: Called Strike 3-1: Called Strike 3-2: Base on Balls
|
Batting: LHB Russell Peck
|
0-0: Ball 1-0: Ball 2-0: SINGLE (Line Drive, 34D) Fred Abrams to second
|
Batting: LHB Andrew Veeck
|
0-0: Foul Ball, location: 2F 0-1: Called Strike 0-2: Ball 1-2: Ball 2-2: Strikes out swinging
|
Batting: RHB Xavier López
|
0-0: Foul Ball, location: 2F 0-1: Ball 1-1: Foul Ball, location: 2F 1-2: Strikes out looking
|
Batting: RHB Ricardo González
|
0-0: Called Strike 0-1: Called Strike 0-2: Ground out 6-3 (Groundball, 56D)
|
Top of the 6th over - 3 run(s), 3 hit(s), 0 error(s), 2 left on base; Red Deer 6 - La Crosse 3 |
BOTTOM OF THE 6TH |
La Crosse Loggers batting - Pitching for Red Deer Wranglers : RHP José Ramos
|
Batting: SHB Dave Henley
|
0-0: Ball 1-0: Reached on error, E4 (Groundball, 4)
|
Batting: RHB Vicente Aguirre
|
0-0: Ball 1-0: Ball 2-0: Ball 3-0: Called Strike 3-1: 2-RUN HOME RUN (Flyball, 9LD), Distance : 355 ft
|
Batting: LHB Jeff Forsyth
|
0-0: DOUBLE (Line Drive, 9LM)
|
Batting: RHB Manuel Pérez
|
0-0: Ball 1-0: SINGLE (Line Drive, 8RS) Jeff Forsyth to third
|
Batting: RHB Robert Acosta
|
0-0: Ball 1-0: SINGLE (Line Drive, 89M) Jeff Forsyth scores Manuel Pérez to second
|
Pitching: RHP Ray Kimball
|
|
Batting: RHB Troy Reed
|
0-0: Called Strike 0-1: Called Strike 0-2: Ball Wild Pitch! Manuel Pérez to third Robert Acosta to second 1-2: Fly out, F3 (Popup, 3L)
|
Batting: RHB Aurelio Cruz
|
0-0: Ball 1-0: Ball 2-0: Swinging Strike 2-1: Swinging Strike 2-2: Strikes out looking
|
Batting: RHB Júlio Sánchez
|
0-0: Ball 1-0: Ground out 3-1 (Groundball, 34)
|
Bottom of the 6th over - 3 run(s), 4 hit(s), 1 error(s), 2 left on base; Red Deer 6 - La Crosse 6 |
TOP OF THE 7TH |
Red Deer Wranglers batting - Pitching for La Crosse Loggers : RHP Willie Alexander
|
Batting: RHB Joe Lewis
|
0-0: Ball 1-0: Called Strike 1-1: Called Strike 1-2: Strikes out swinging
|
Pitching: LHP Luis Alemán
|
|
Batting: RHB Ben Fisher
|
0-0: Ball 1-0: Fly out, F9 (Flyball, 9S)
|
Batting: LHB Jorge Olvera
|
0-0: Swinging Strike 0-1: Called Strike 0-2: Ball 1-2: Foul Ball, location: 2F 1-2: Foul Ball, location: 2F 1-2: Strikes out swinging
|
Top of the 7th over - 0 run(s), 0 hit(s), 0 error(s), 0 left on base; Red Deer 6 - La Crosse 6 |
BOTTOM OF THE 7TH |
La Crosse Loggers batting - Pitching for Red Deer Wranglers : RHP Ray Kimball
|
Batting: LHB Ramón Córdova
|
0-0: Called Strike 0-1: Ball 1-1: Ball 2-1: Foul Ball, location: 2F 2-2: Foul Ball, location: 2F 2-2: Reached on error, E4 (Groundball, 4S)
|
Batting: SHB Dave Henley
|
0-0: Ball 1-0: Called Strike 1-1: Fly out, F8 (Flyball, 89M)
|
Batting: RHB Vicente Aguirre
|
0-0: Called Strike Ramón Córdova steals 2nd base 0-1: Ball 1-1: Intentional Walk
|
Batting: LHB Jeff Forsyth
|
0-0: Called Strike 0-1: Swinging Strike 0-2: Ball 1-2: DOUBLE (Line Drive, 78D) Ramón Córdova scores Vicente Aguirre to third
|
Pinch Hitting: RHB Francisco Rodríguez
|
0-0: Intentional Walk
|
Batting: RHB Robert Acosta
|
0-0: Foul Ball, location: 2F 0-1: Ball 1-1: SINGLE (Groundball, 56) (infield hit) Vicente Aguirre scores Jeff Forsyth to third Francisco Rodríguez to second
|
Batting: RHB Troy Reed
|
0-0: Ball 1-0: Ball 2-0: Ball 3-0: Called Strike 3-1: Foul Ball, location: 2F 3-2: Base on Balls Jeff Forsyth scores Francisco Rodríguez to third Robert Acosta to second
|
Pitching: RHP Michael Walton
|
|
Batting: RHB Aurelio Cruz
|
0-0: Called Strike 0-1: Grounds into fielders choice 4-2 (Groundball, 4M) Robert Acosta to third Troy Reed to second
|
Batting: RHB Júlio Sánchez
|
0-0: Called Strike 0-1: Ball 1-1: Fielders Choice at 2nd, 4-6 (Groundball, 4)
|
Bottom of the 7th over - 3 run(s), 2 hit(s), 1 error(s), 2 left on base; Red Deer 6 - La Crosse 9 |
TOP OF THE 8TH |
Red Deer Wranglers batting - Pitching for La Crosse Loggers : LHP Luis Alemán
|
Now at SS: Francisco Rodríguez
|
|
Batting: RHB Luis Ibarra
|
0-0: Called Strike 0-1: Called Strike 0-2: Foul Ball, location: 2F 0-2: Ball 1-2: Strikes out swinging
|
Batting: LHB Fred Abrams
|
0-0: Called Strike 0-1: Ball 1-1: Ball 2-1: Fly out, F4 (Line Drive, 34)
|
Batting: LHB Russell Peck
|
0-0: Ball 1-0: SOLO HOME RUN (Flyball, 89XD), Distance : 397 ft
|
Batting: LHB Andrew Veeck
|
0-0: Ground out 6-3 (Groundball, 6)
|
Top of the 8th over - 1 run(s), 1 hit(s), 0 error(s), 0 left on base; Red Deer 7 - La Crosse 9 |
BOTTOM OF THE 8TH |
La Crosse Loggers batting - Pitching for Red Deer Wranglers : RHP Michael Walton
|
Batting: LHB Ramón Córdova
|
0-0: Ball 1-0: Fly out, F7 (Flyball, 78S)
|
Batting: SHB Dave Henley
|
0-0: Ball 1-0: Foul Ball, location: 2F 1-1: Ground out 4-3 (Groundball, 4MS)
|
Batting: RHB Vicente Aguirre
|
0-0: Ball 1-0: Foul Ball, location: 2F 1-1: DOUBLE (Flyball, 89M)
|
Batting: LHB Jeff Forsyth
|
0-0: Ball 1-0: Called Strike 1-1: Foul Ball, location: 2F 1-2: Strikes out swinging
|
Bottom of the 8th over - 0 run(s), 1 hit(s), 0 error(s), 1 left on base; Red Deer 7 - La Crosse 9 |
TOP OF THE 9TH |
Red Deer Wranglers batting - Pitching for La Crosse Loggers : LHP Luis Alemán
|
Pitching: RHP Derrick Hall
|
|
Batting: RHB Xavier López
|
0-0: Ball 1-0: Called Strike 1-1: Ball 2-1: DOUBLE (Groundball, 5L)
|
Pinch Hitting: RHB Luis Peña
|
0-0: Ball 1-0: Swinging Strike 1-1: DOUBLE (Line Drive, 7LM) Xavier López scores
|
Pinch Hitting: RHB Allen Brown
|
0-0: Ball 1-0: Ball 2-0: Ground out 6-3 (Groundball, 6) Luis Peña to third
|
Batting: RHB Ben Fisher
|
0-0: Ball 1-0: Ball 2-0: Ball 3-0: Called Strike 3-1: Base on Balls
|
Batting: LHB Jorge Olvera
|
0-0: Ball 1-0: Fly out, F8 (Flyball, 8RS) Runner from 3rd tags up, SCORES, throw made
|
Pitching: LHP Pablo Solíz
|
|
Batting: RHB Luis Ibarra
|
0-0: Ball 1-0: 2-RUN HOME RUN (Line Drive, 9D), Distance : 368 ft
|
Batting: LHB Fred Abrams
|
0-0: Ball 1-0: Swinging Strike 1-1: Called Strike 1-2: Ball 2-2: Fly out, F9 (Flyball, 9LMF)
|
Top of the 9th over - 4 run(s), 3 hit(s), 0 error(s), 0 left on base; Red Deer 11 - La Crosse 9 |
BOTTOM OF THE 9TH |
La Crosse Loggers batting - Pitching for Red Deer Wranglers : RHP Michael Walton
|
Pitching: LHP Manuel Gil
|
|
Now at C: Allen Brown
|
|
Now at 3B: Steve Burton
|
|
Batting: RHB Francisco Rodríguez
|
0-0: Ball 1-0: Foul Ball, location: 2F 1-1: Called Strike 1-2: Strikes out swinging
|
Batting: RHB Robert Acosta
|
0-0: Ball 1-0: Ball 2-0: SINGLE (Line Drive, 7S)
|
Batting: RHB Troy Reed
|
0-0: Called Strike 0-1: Swinging Strike 0-2: Strikes out swinging
|
Batting: RHB Aurelio Cruz
|
0-0: Ball 1-0: Ball 2-0: Fly out, F6 (Popup, 4MD)
|
Bottom of the 9th over - 0 run(s), 1 hit(s), 0 error(s), 1 left on base; Red Deer 11 - La Crosse 9 |
|